 Dungeon Crawl Stone Soup version 0.31-a0-182-gc5ef74bbde (webtiles) character file.

Game seed: 13773457417868770843

29533 AlmostDecent the Skirmisher (level 13, -2/99 HPs)
             Began as a Gnoll Ice Elementalist on June 20, 2023.
             Was an Elder of Vehumet.
             Slain by Urug
             ... wielding a +2 double sword of electrocution
              (13 damage)
             ... on level 3 of the Lair of Beasts on June 21, 2023.
             The game lasted 01:11:07 (16565 turns).

AlmostDecent the Skirmisher (GnIE)                 Turns: 16565, Time: 01:11:08

Health: -2/99      AC: 15    Str: 11    XL:     13   Next: 45%
Magic:  21/27      EV: 20    Int: 21    God:    Vehumet [****..]
Gold:   1980       SH:  0    Dex: 24    Spells: 15/32 levels left

rFire   + + +        m - +10 long sword of Okawaru's Pride {flame, *Corrode rF+++ rC- SInv}
rCold   . . .        (no shield)
rNeg    . . .        H - +1 steam dragon scales
rPois   +            (no helmet)
rElec   .            e - scarf {repulsion}
rCorr   .            l - +1 pair of gloves of the Dungeon {rF+ Dex+6}
SInv    +            (no boots)
Will    .....        (no amulet)
Stlth   +++++        B - ring "Heviqung" {rPois rF+ Str+3 Dex+4}
HPRegen 0.36/turn    a - ring "Enlobe" {rPois rC+ Int+3}
MPRegen 0.20/turn

%: corrode self (3%), repel missiles
@: ice-armoured, corroded, studying Ranged Weapons
A: fangs 1, strong nose, distributed training
a: Renounce Religion


You were on level 3 of the Lair of Beasts.
You worshipped Vehumet.
Vehumet was greatly pleased with you.
You visited 3 branches of the dungeon, and saw 15 of its levels.

You collected 1980 gold pieces.

Inventory:

Hand Weapons
 i - a +1 spectral rapier
 j - a +1 short sword of draining
 m - the +10 long sword of Okawaru's Pride (weapon) {flame, *Corrode rF+++ rC- SInv}
   (You found it on level 3 of the Lair of Beasts)

   rF:        It renders you almost immune to fire.
   rC:        It makes you vulnerable to cold.
   SInv:      It lets you see invisible.
   *Corrode:  It may corrode you when you take damage.
 v - the +4 whip of the Freezing Fulmar {freeze, Str+4}
   (You found it on level 7 of the Dungeon)

   Str:       It affects your strength (+4).
 L - a +3 long sword
 U - a +2 heavy trident
Missiles
 V - 5 silver boomerangs
Armour
 e - a scarf of repulsion (worn)
 l - the +1 pair of gloves of the Dungeon (worn) {rF+ Dex+6}
   (You found it on level 2 of the Dungeon)

   Dex:       It affects your dexterity (+6).
   rF:        It protects you from fire.
 H - +1 steam dragon scales (worn)
Magical Staves
 D - a staff of conjuration
Jewellery
 a - the ring "Enlobe" (right hand) {rPois rC+ Int+3}
   (You acquired it on level 2 of the Lair of Beasts)

   [ring of poison resistance]

   Int:       It affects your intelligence (+3).
   rC:        It protects you from cold.
   rPois:     It protects you from poison.
 n - a ring of protection from cold
 u - a ring of flight
 B - the ring "Heviqung" (left hand) {rPois rF+ Str+3 Dex+4}
   (You acquired it on level 5 of the Dungeon)

   [ring of poison resistance]

   Str:       It affects your strength (+3).
   Dex:       It affects your dexterity (+4).
   rF:        It protects you from fire.
   rPois:     It protects you from poison.
 G - a ring of magical power
Wands
 h - a wand of flame (30)
 o - a wand of paralysis (11)
 p - a wand of polymorph (16)
 w - a wand of roots (18)
Scrolls
 b - a scroll of enchant armour
 c - 2 scrolls of identify
 k - a scroll of enchant weapon
 q - a scroll of silence
 r - a scroll of summoning {unknown}
 t - a scroll of brand weapon
 y - a scroll of blinking
 C - 5 scrolls of immolation
 E - a scroll of fog
 F - a scroll of amnesia
 M - 2 scrolls of teleportation
 P - a scroll of vulnerability
Potions
 d - 2 potions of attraction
 f - 3 potions of curing
 g - 4 potions of mutation
 s - a potion of might
 z - a potion of lignification
 A - a potion of ambrosia
 O - a potion of invisibility
 R - a potion of cancellation
 S - a potion of berserk rage


   Skills:
 + Level 8.6 Fighting
 + Level 8.6 Short Blades
 + Level 8.6 Long Blades
 + Level 8.6 Axes
 + Level 8.6 Maces & Flails
 + Level 8.6 Polearms
 + Level 8.6 Staves
 + Level 11.4 Ranged Weapons
 + Level 8.6 Throwing
 + Level 8.6 Armour
 + Level 9.8 Dodging
 + Level 9.6 Stealth
 + Level 8.6 Shields
 + Level 8.6 Unarmed Combat
 + Level 10.0 Spellcasting
 + Level 7.2 Conjurations
 + Level 7.2 Hexes
 + Level 7.2 Summonings
 + Level 7.2 Necromancy
 + Level 7.2 Translocations
 + Level 7.2 Transmutations
 + Level 7.2 Fire Magic
 + Level 10.2 Ice Magic
 + Level 7.2 Air Magic
 + Level 7.2 Earth Magic
 + Level 7.2 Poison Magic
 + Level 9.4 Invocations
 + Level 8.6 Evocations


You had 15 spell levels left.
You knew the following spells:

 Your Spells              Type           Power      Damage    Failure   Level
a - Freeze                Ice            100%       1d10      1%          1
b - Frozen Ramparts       Ice            100%       1d16      1%          3
c - Ozocubu's Armour      Ice            52%        N/A       1%          3
d - Summon Ice Beast      Ice/Summ       47%        N/A       1%          4
e - Sandblast             Erth           80%        2d17      1%          1
f - Irradiate             Conj/Tmut      20%        3d18      2%          5

Your spell library contained the following spells:

 Spells                   Type           Power      Damage    Failure   Level
 Apportation              Tloc           80%        N/A       1%          1
 Magic Dart               Conj           100%       1d8       1%          1
 Necrotise                Necr           100%       1d9       1%          1
 Summon Small Mammal      Summ           100%       N/A       1%          1
 Call Imp                 Summ           80%        N/A       1%          2
 Ensorcelled Hibernation  Hex/Ice        94%        N/A       1%          2
 Passwall                 Tmut/Erth      33%        N/A       1%          2
 Ignite Poison            Fire/Tmut/Pois 40%        N/A       1%          3
 Mephitic Cloud           Conj/Pois/Air  40%        N/A       1%          3
 Stone Arrow              Conj/Erth      80%        3d12      1%          3
 Swiftness                Air            40%        N/A       1%          3
 Sticky Flame             Conj/Fire      40%        2d6       1%          4
 Animate Armour           Summ/Erth      80%        N/A       3%          4
 Ignition                 Fire           20%        3d7       99%         8
 Lehudib's Crystal Spear  Conj/Erth      20%        10d6      99%         8


Dungeon Overview and Level Annotations

Branches:
Dungeon (11/15)            Temple (1/1) D:7            Lair (3/5) D:11
  Swamp (0/4) Lair:2          Orc (0/2) D:10
  Snake: Lair:2-3    Spider: Lair:2-3

Altars:
Ashenzari
Elyvilon
Fedhas
Gozag
Hepliaklqana
Kikubaaqudgha
Makhleb
Sif Muna
Trog
Uskayaw
Vehumet
Jiyva

Annotations:
Lair:3 Urug


Innate Abilities, Weirdness & Mutations

You have very sharp teeth.
Your uncanny sense of smell can sniff out nearby items.
Your experience applies equally to all skills.


Message History

You see here a water moccasin corpse.
You now have 1963 gold pieces (gained 11).
c - 2 scrolls of identify You now have 1980 gold pieces (gained 17).
Found a scroll labelled TOYDAE ACAPN.
Found an escape hatch in the floor.
You see here the +10 long sword of Okawaru's Pride {flame, *Corrode rF+++ rC- SInv}.
You see here the +10 long sword of Okawaru's Pride {flame, *Corrode rF+++ rC- SInv}.
m - the +10 long sword of Okawaru's Pride {flame, *Corrode rF+++ rC- SInv} Urug the Orcish Ballista comes into view.
She is wielding a +2 double sword of electrocution.
You see here a scroll labelled TOYDAE ACAPN.
You hear the brisk rumble of a distant avalanche of rocks.
You see here a scroll labelled TOYDAE ACAPN.
r - a scroll labelled TOYDAE ACAPN The +10 long sword of Okawaru's Pride {flame, *Corrode rF+++ rC- SInv} bursts into flame!
m - the +10 long sword of Okawaru's Pride (weapon)
{flame, *Corrode rF+++ rC- SInv} Urug shouts!
Urug throws a javelin.
The javelin pierces through you!
Casting: Sandblast (safe; 1% risk of failure)
Confirm with . or Enter, or press ? or * to list all spells.
A chill wind blows around you.
Urug throws a javelin.
The javelin misses you.
Found a scimitar.
Urug hits you with a +2 double sword of electrocution!!
Your corrosive artefact corrodes you!
Casting: Summon Ice Beast (mildly dangerous; 1% risk of failure)
Confirm with . or Enter, or press ? or * to list all spells.
A film of ice covers your body! Urug closely misses you.
You slash Urug! You burn Urug. You bite Urug, but do no damage.
Urug is lightly wounded.
Urug barely misses you.
You hit Urug. You burn Urug. Your punch misses Urug.
Urug is moderately wounded.
Your ice beast hits Urug but does no damage.
Urug hits you with a +2 double sword of electrocution!!
You hit Urug. You burn Urug.
Urug is moderately wounded.
Your ice beast hits Urug but does no damage.
Urug hits you with a +2 double sword of electrocution!!
* * * LOW HITPOINT WARNING * * *
You are electrocuted!
You die...

. .. #...... P+#..
#............
..#..#######............
....P#.#.#.#....##.#...P
.......................#
............>...........
......................).
................Y......P
................@o......
........................
........................
......P.................
..............#######...
................ ..
..............#. .
..............#.#
..†..........


You could see Urug (ally target) and a friendly ice beast (summoned).

Vanquished Creatures
  A hydra (Lair:3)
  4 two-headed ogres
  3 boulder beetles
  A centaur warrior (D:8)
  2 skysharks
  A bog body (Lair:2)
  Pikel (D:8)
  An oklob plant (Lair:2)
  A black mamba (Lair:2)
  Maurice (D:8)
  3 cane toads
  A gargoyle (D:10)
  A torpor snail (Lair:1)
  Psyche (D:8)
  5 komodo dragons
  Maggie (D:8)
  A polar bear (Lair:3)
  A hornet (Lair:3)
  42 yaks
  A wyvern (D:10)
  A vampire (D:11)
  A wraith (D:6)
  2 basilisks
  A steam dragon (D:6)
  A swamp worm (Lair:2)
  9 water moccasins
  5 orc warriors
  An ice beast (D:8)
  2 sky beasts
  2 centaurs
  3 ogres (D:6)
  13 wolves
  9 bullfrogs
  2 kobold brigands (D:9)
  2 scorpions (D:5)
  4 wights (D:9)
  A killer bee (D:10)
  A howler monkey (D:6)
  A hound (D:7)
  7 jellies
  9 orc priests
  A sleepcap (D:5)
  A gnoll bouda (D:9)
  6 iguanas
  16 orc wizards
  4 hell rats (Lair:2)
  3 gnolls (D:9)
  7 adders
  2 white imps (D:7)
  2 ufetubi
  A worm (D:4)
  A dart slug (D:2)
  51 orcs
  9 endoplasms
  A giant cockroach (D:2)
  8 goblins
  6 hobgoblins
  2 jackals (D:3)
  6 quokkas
  5 ball pythons
  9 bats
  2 frilled lizards (D:1)
  13 kobolds
  7 rats
313 creatures vanquished.

Vanquished Creatures (collateral kills)
  A centaur warrior (D:10)
  A boulder beetle (D:11)
  A two-headed ogre (D:10)
  2 cane toads
  A troll (D:10)
  2 wyverns
  A steam dragon (D:10)
  8 yaks
  A basilisk (Lair:1)
  A black bear (Lair:1)
  2 orc warriors (D:10)
  2 wolves (Lair:2)
  A centaur (D:11)
  A bullfrog (D:8)
  A wight (D:9)
  An electric eel (Lair:2)
  A hell rat (Lair:2)
  A gnoll (D:9)
  6 orcs
  3 kobolds (D:9)
38 creatures vanquished.

Vanquished Creatures (others)
  An orc wizard (D:10)
1 creature vanquished.

Grand Total: 352 creatures vanquished

Notes
Turn   | Place    | Note
-------+----------+-------------------------------------------
     0 | D:1      | AlmostDecent the Gnoll Ice Elementalist began the quest for
                  | the Orb.
     0 | D:1      | Reached XP level 1. HP: 13/13 MP: 6/6
    55 | D:1      | Found a large runed translucent door.
    55 | D:1      | Found a large runed translucent door.
    55 | D:1      | Found a viscous altar of Jiyva.
    55 | D:1      | Noticed a jelly
    55 | D:1      | Noticed a jelly
    57 | D:1      | Noticed a jelly
    57 | D:1      | Noticed a jelly
    61 | D:1      | Noticed a jelly
    63 | D:1      | Noticed a jelly
   184 | D:1      | Reached XP level 2. HP: 19/19 MP: 5/7
  1261 | D:1      | Reached skill level 1 in Fighting
  1261 | D:1      | Reached skill level 1 in Short Blades
  1261 | D:1      | Reached skill level 1 in Long Blades
  1261 | D:1      | Reached skill level 1 in Axes
  1261 | D:1      | Reached skill level 1 in Maces & Flails
  1261 | D:1      | Reached skill level 1 in Polearms
  1261 | D:1      | Reached skill level 1 in Staves
  1261 | D:1      | Reached skill level 1 in Ranged Weapons
  1261 | D:1      | Reached skill level 1 in Throwing
  1261 | D:1      | Reached skill level 1 in Armour
  1261 | D:1      | Reached skill level 1 in Shields
  1261 | D:1      | Reached skill level 1 in Unarmed Combat
  1261 | D:1      | Reached skill level 5 in Spellcasting
  1261 | D:1      | Reached skill level 1 in Invocations
  1261 | D:1      | Reached skill level 1 in Evocations
  1261 | D:1      | Reached XP level 3. HP: 24/26 MP: 3/9
  1265 | D:1      | Reached XP level 4. HP: 31/32 MP: 0/11
  1269 | D:1      | Reached skill level 1 in Conjurations
  1269 | D:1      | Reached skill level 1 in Hexes
  1269 | D:1      | Reached skill level 1 in Summonings
  1269 | D:1      | Reached skill level 1 in Necromancy
  1269 | D:1      | Reached skill level 1 in Translocations
  1269 | D:1      | Reached skill level 1 in Transmutations
  1269 | D:1      | Reached skill level 1 in Fire Magic
  1269 | D:1      | Reached skill level 1 in Air Magic
  1269 | D:1      | Reached skill level 1 in Earth Magic
  1269 | D:1      | Reached skill level 1 in Poison Magic
  1342 | D:1      | Reached XP level 5. HP: 36/37 MP: 8/12
  1346 | D:1      | Learned a level 3 spell: Frozen Ramparts
  1350 | D:1      | Learned a level 3 spell: Ozocubu's Armour
  1556 | D:1      | Learned a level 4 spell: Summon Ice Beast
  1775 | D:2      | Identified the +1 pair of gloves of the Dungeon {rF+ Dex+6}
  1833 | D:2      | Reached XP level 6. HP: 44/44 MP: 5/13
  2916 | D:3      | Reached skill level 5 in Dodging
  3227 | D:3      | Reached skill level 2 in Ranged Weapons
  4484 | D:4      | Reached XP level 7. HP: 42/50 MP: 10/15
  4568 | D:4      | Found a white marble altar of Elyvilon.
  4571 | D:4      | Found a hide-covered altar of Uskayaw.
  4581 | D:4      | Found a shimmering blue altar of Sif Muna.
  4820 | D:5      | Entered Level 5 of the Dungeon
  4910 | D:5      | Reached skill level 5 in Stealth
  4979 | D:5      | Identified a scroll of acquirement
  5019 | D:5      | Reached skill level 3 in Ranged Weapons
  5019 | D:5      | Reached XP level 8. HP: 37/58 MP: 1/16
  5225 | D:5      | Found a bloodstained altar of Trog.
  6006 | D:6      | Noticed a wraith
  6464 | D:6      | Killed a wraith
  6465 | D:6      | Reached XP level 9. HP: 60/65 MP: 1/18
  6593 | D:6      | Reached skill level 4 in Ranged Weapons
  6656 | D:6      | Noticed a boulder beetle
  6705 | D:6      | Noticed a two-headed ogre
  6904 | D:6      | Found an opulent altar of Gozag.
  6913 | D:6      | Found a hazy altar of Hepliaklqana.
  7065 | D:6      | Killed a two-headed ogre
  7104 | D:6      | Killed a boulder beetle
  7105 | D:6      | Reached skill level 5 in Ranged Weapons
  7105 | D:6      | Reached skill level 5 in Invocations
  7581 | D:7      | Found a broken altar of Ashenzari.
  7627 | D:7      | Found a staircase to the Ecumenical Temple.
  7637 | Temple   | Entered the Ecumenical Temple
  7650 | Temple   | Became a worshipper of Vehumet
  7682 | D:7      | Reached skill level 5 in Fighting
  7682 | D:7      | Reached skill level 5 in Short Blades
  7682 | D:7      | Reached skill level 5 in Long Blades
  7682 | D:7      | Reached skill level 5 in Axes
  7682 | D:7      | Reached skill level 5 in Maces & Flails
  7682 | D:7      | Reached skill level 5 in Polearms
  7682 | D:7      | Reached skill level 5 in Staves
  7682 | D:7      | Reached skill level 5 in Throwing
  7682 | D:7      | Reached skill level 5 in Armour
  7682 | D:7      | Reached skill level 5 in Shields
  7682 | D:7      | Reached skill level 5 in Unarmed Combat
  7682 | D:7      | Reached skill level 5 in Evocations
  7717 | D:7      | Reached XP level 10. HP: 74/74 MP: 16/20
  7898 | D:7      | Reached skill level 6 in Ranged Weapons
  7981 | D:7      | Identified the +4 whip of the Freezing Fulmar {freeze,
                  | Str+4}
  8500 | D:8      | Noticed Pikel
  8508 | D:8      | Killed Pikel
  8556 | D:8      | Noticed a two-headed ogre
  8565 | D:8      | Killed a two-headed ogre
  8665 | D:8      | Acquired the ring "Heviqung" {rPois rF+ Str+3 Dex+4}
  8669 | D:8      | Acquired 1065 gold pieces
  8818 | D:8      | Noticed Maurice
  8888 | D:8      | Killed Maurice
  9033 | D:8      | Noticed Maggie
  9044 | D:8      | Killed Maggie
  9045 | D:8      | Reached skill level 7 in Ranged Weapons
  9127 | D:8      | Found a burning altar of Makhleb.
  9158 | D:8      | Found a blossoming altar of Fedhas.
  9214 | D:8      | Reached * piety under Vehumet
  9214 | D:8      | Offered knowledge of Sandblast by Vehumet.
  9220 | D:8      | Learned a level 1 spell: Sandblast
  9569 | D:8      | Noticed a centaur warrior
  9578 | D:8      | Noticed Psyche
  9582 | D:8      | Killed a centaur warrior
  9588 | D:8      | Killed Psyche
  9589 | D:8      | Reached skill level 5 in Conjurations
  9589 | D:8      | Reached skill level 5 in Hexes
  9589 | D:8      | Reached skill level 5 in Summonings
  9589 | D:8      | Reached skill level 5 in Necromancy
  9589 | D:8      | Reached skill level 5 in Translocations
  9589 | D:8      | Reached skill level 5 in Transmutations
  9589 | D:8      | Reached skill level 5 in Fire Magic
  9589 | D:8      | Reached skill level 5 in Air Magic
  9589 | D:8      | Reached skill level 5 in Earth Magic
  9589 | D:8      | Reached skill level 5 in Poison Magic
  9589 | D:8      | Reached XP level 11. HP: 56/81 MP: 12/22
 10251 | D:9      | Reached skill level 8 in Ranged Weapons
 10254 | D:9      | Reached ** piety under Vehumet
 10261 | D:9      | Offered knowledge of Kiss of Death by Vehumet.
 10462 | D:10     | Entered Level 10 of the Dungeon
 10595 | D:10     | Noticed a centaur warrior
 10684 | D:10     | Killed a centaur warrior
 10725 | D:10     | Noticed a boulder beetle
 10765 | D:10     | Killed a boulder beetle
 10911 | D:10     | Noticed a two-headed ogre
 10920 | D:10     | Killed a two-headed ogre
 11067 | D:10     | Found a staircase to the Orcish Mines.
 11385 | D:10     | Reached skill level 9 in Ranged Weapons
 11464 | D:10     | Noticed a two-headed ogre
 11474 | D:10     | Killed a two-headed ogre
 11478 | D:10     | Reached XP level 12. HP: 60/91 MP: 18/24
 11833 | D:11     | Found a staircase to the Lair.
 12430 | D:11     | Noticed a two-headed ogre
 12440 | D:11     | Killed a two-headed ogre
 12499 | D:11     | Noticed a death knight
 12499 | D:11     | Noticed a boulder beetle
 12642 | D:11     | Noticed a boulder beetle
 12721 | D:11     | Killed a boulder beetle
 12833 | D:11     | Noticed a boulder beetle
 12885 | D:11     | Killed a boulder beetle
 13077 | Lair:1   | Entered Level 1 of the Lair of Beasts
 13120 | Lair:1   | Offered knowledge of Volatile Blastmotes by Vehumet.
 13291 | Lair:1   | Reached skill level 10 in Ranged Weapons
 13565 | Lair:1   | Reached *** piety under Vehumet
 13672 | Lair:1   | Noticed a skyshark
 13686 | Lair:1   | Killed a skyshark
 14244 | Lair:1   | Offered knowledge of Dazzling Flash by Vehumet.
 14574 | Lair:2   | Acquired the ring "Enlobe" {rPois rC+ Int+3}
 14612 | Lair:2   | Reached XP level 13. HP: 98/98 MP: 18/26
 14924 | Lair:2   | Reached **** piety under Vehumet
 14925 | Lair:2   | Reached skill level 10 in Ice Magic
 15256 | Lair:2   | Reached skill level 11 in Ranged Weapons
 15771 | Lair:2   | Found a staircase to the Swamp.
 15846 | Lair:2   | Offered knowledge of Irradiate by Vehumet.
 15935 | Lair:2   | Learned a level 5 spell: Irradiate
 16207 | Lair:3   | Reached skill level 10 in Spellcasting
 16547 | Lair:3   | Identified the +10 long sword of Okawaru's Pride {flame,
                  | *Corrode rF+++ rC- SInv}
 16552 | Lair:3   | Noticed Urug
 16565 | Lair:3   | Slain by Urug

Illustrated notes

Levels and vault maps discovered:
D:1:      erik_arrival_cave_to_civilisation [erik_arrival_cave_to_temple],
          layout_loops_corners, minivault_24, minivault_4
D:2:      minmay_alternating_diamond, layout_loops_ring, nicolae_hexahallways
D:3:      layout_loops_ring, serial_rivers, chequers_serial_rivers_large_b,
          chequers_serial_rivers_micro_e, chequers_serial_rivers_room_b,
          chequers_serial_rivers_micro_a, chequers_serial_rivers_micro_a,
          nicolae_concentric_dashed_squares_mild
D:4:      layout_rooms, grunt_temple_overflow_diamond, serial_forest,
          infiniplex_forest_lined_corner, infiniplex_forest_straight_4,
          infiniplex_forest_straight_5, infiniplex_forest_straight_2
D:5:      layout_gridville, trog_butcher_becter
D:6:      layout_loops_ring, mainiacjoe_overflow_big_doors, hex_large,
          serial_bayou_pond_e, minmay_manual_monstrance
D:7:      layout_basic, evilmike_ruin_ashenzari,
          minmay_temple_entry_gardened_gates
D:8:      layout_loops_ring, mainiacjoe_overflow_two_lobes, uniq_pikel,
          uniq_maggie, uniq_psyche, uniq_maurice
D:9:      layout_rooms
D:10:     layout_long_grid, orc_0_dummy, minmay_bent
D:11:     cheibrodos_ideogram_h, layout_cave_pools, nicolae_benzene_ring,
          amethyst_killhole, worms_lemuel
Temple:   hellmonk_temple_forest_ring
Lair:1:   layout_roguey, beast_lair_carwin_8
Lair:2:   layout_loops_ring, nicolae_swamp_entry_splash_gauntlet,
          lemuel_fruit_tree, grunt_megastairs_3, serial_bayou_shore_b
Lair:3:   layout_chaotic_city, minmay_snake_entry_guardpost_large,
          nicolae_volcano_entry_hallway, lemuel_fruit_fields,
          serial_bayou_shore_a, serial_bayou_shore_b, grunt_megastairs_5,
          uniq_urug

Skill      XL: |  1  2  3  4  5  6  7  8  9 10 11 12 13 |
---------------+----------------------------------------+-----
Fighting       | 1 2 3 5 6 7 8 |  8.6
Short Blades   | 1 2 3 5 6 7 8 |  8.6
Long Blades    | 1 2 3 5 6 7 8 |  8.6
Axes           | 1 2 3 5 6 7 8 |  8.6
Maces & Flails | 1 2 3 5 6 7 8 |  8.6
Polearms       | 1 2 3 5 6 7 8 |  8.6
Staves         | 1 2 3 5 6 7 8 |  8.6
Ranged Weapons | 1 2 3 5 7 9 10 11 | 11.4
Throwing       | 1 2 3 5 6 7 8 |  8.6
Armour         | 1 2 3 5 6 7 8 |  8.6
Shields        | 1 2 3 5 6 7 8 |  8.6
Unarmed Combat | 1 2 3 5 6 7 8 |  8.6
Spellcasting   | 5 6 7 8 9 10 | 10.0
Invocations    | 1 2 3 4 5 6 7 8 9 |  9.4
Evocations     | 1 2 3 5 6 7 8 |  8.6
Conjurations   | 1 2 3 4 5 6 7 |  7.2
Hexes          | 1 2 3 4 5 6 7 |  7.2
Summonings     | 1 2 3 4 5 6 7 |  7.2
Necromancy     | 1 2 3 4 5 6 7 |  7.2
Translocations | 1 2 3 4 5 6 7 |  7.2
Transmutations | 1 2 3 4 5 6 7 |  7.2
Fire Magic     | 1 2 3 4 5 6 7 |  7.2
Air Magic      | 1 2 3 4 5 6 7 |  7.2
Earth Magic    | 1 2 3 4 5 6 7 |  7.2
Poison Magic   | 1 2 3 4 5 6 7 |  7.2
Dodging        | 5 6 7 8 9 |  9.8
Stealth        | 5 6 7 8 9 |  9.6
Ice Magic      | 8 9 10 | 10.2

Action                     |  1- 3 |  4- 6 |  7- 9 | 10-12 | 13-15 || total
---------------------------+-------+-------+-------+-------+-------++-------
  Melee: Unarmed           |     6 |       |       |       |       ||     6
         Bite              |     2 |       |    11 |    49 |     2 ||    64
         Short sword       |     2 |     8 |    19 |       |       ||    29
         Rapier            |       |       |    36 |   301 |    16 ||   353
         Punch             |       |       |     1 |    25 |     1 ||    27
         Long sword        |       |       |       |       |     3 ||     3
   Cast: Freeze            |    25 |    93 |    82 |    27 |       ||   227
         Frozen Ramparts   |       |     8 |    26 |    64 |    10 ||   108
         Ozocubu's Armour  |       |     1 |     2 |    22 |     4 ||    29
         Summon Ice Beast  |       |       |     5 |    44 |     8 ||    57
         Sandblast         |       |       |       |    53 |    96 ||   149
    Use: Potion            |     2 |     1 |     1 |    11 |       ||    15
         Scroll            |       |       |    21 |     7 |     2 ||    30
   Stab: Sleeping          |     2 |       |     1 |     1 |       ||     4
         Distracted        |       |       |       |     8 |       ||     8
 Armour: Robe              |     5 |    14 |    19 |       |       ||    38
         Leather armour    |       |       |       |    15 |       ||    15
         Steam dragon scal |       |       |       |    99 |    27 ||   126
  Dodge: Dodged            |    18 |    51 |    75 |   288 |    92 ||   524
         Repelled          |       |       |       |     2 |     1 ||     3

Table legend: (Time is in decaauts)
 A = Elapsed time spent in this place.
 B = Non-inter-level travel time spent in this place.
 C = Inter-level travel time spent in this place.
 D = Time resting spent in this place.
 E = Time spent auto-exploring this place.
 F = Levels seen in this place.
 G = Mean time per level.
                   A        B        C        D        E       F      G
               +--------+--------+--------+--------+--------+-----+--------+
         Total |  16555 |  15990 |    565 |   1166 |  12069 |  15 | 1103.7 |
       Dungeon |  12985 |  12486 |    499 |    864 |   9517 |  11 | 1180.5 |
        Temple |     24 |     14 |     10 |      0 |      5 |   1 |   24.0 |
          Lair |   3545 |   3489 |     56 |    302 |   2547 |   3 | 1181.7 |
               +--------+--------+--------+--------+--------+-----+--------+

Top non-repeatable levels by time:
  Lair:2: 1700 daAuts
     D:1: 1679 daAuts
    D:10: 1661 daAuts
     D:6: 1509 daAuts
     D:8: 1388 daAuts
  Lair:1: 1377 daAuts
     D:2: 1197 daAuts
     D:3: 1129 daAuts
     D:5: 1101 daAuts
     D:7: 926 daAuts
    D:11: 838 daAuts
     D:4: 792 daAuts
     D:9: 759 daAuts
  Lair:3: 467 daAuts
  Temple: 24 daAuts
